 Dungeon Crawl Stone Soup version 0.27-a0-808-g60bc5d92e6 (webtiles) character file.

Game seed: 10090852775310688898

50299 porpoise the Destroyer (level 14, -4/82 HPs)
             Began as a Deep Elf Conjurer on Mar 29, 2021.
             Was a High Priest of Vehumet.
             Slain by an entropy weaver (9 damage)
             ... in a Gauntlet.
             The game lasted 02:23:34 (23927 turns).

porpoise the Destroyer (Deep Elf Conjurer)         Turns: 23927, Time: 02:23:35

Health: -4/82      AC:  7    Str:  6    XL:     14   Next: 19%
Magic:  13/29      EV: 15    Int: 27    God:    Vehumet [*****.]
Gold:   470        SH:  6    Dex: 13    Spells: 13/31 levels left

rFire    + . .     SeeInvis .   a - staff of conjuration
rCold    . . .     Faith    .   u - +1 buckler
rNeg     . . .     Spirit   .   O - +0 steam dragon scales
rPois    .         Reflect  .   L - +2 hat
rElec    .         Harm     .   F - +0 cloak
rCorr    .         Rampage  .   V - +2 pair of gloves
Will     +....     NoTele   +   (no boots)
Stlth    +++.......             o - amulet of the acrobat
HPRegen  0.23/turn              i - +4 ring of protection
MPRegen  0.21/turn              I - ring of protection from fire

@: corroded
A: no striking features
a: Renounce Religion


You were in a Gauntlet.
You worshipped Vehumet.
Vehumet was extremely pleased with you.
You visited 2 branches of the dungeon, and saw 17 of its levels.
You also visited: Gauntlet and Ice Cave.

You collected 1389 gold pieces.
You spent 919 gold pieces at shops.

Inventory:

Hand Weapons
 b - a +0 hunting sling
 D - a +2 short sword of holy wrath
Missiles
 l - a curare-tipped dart
 m - 11 boomerangs (quivered)
 s - 3 poisoned darts
 E - 46 sling bullets
 P - 2 boomerangs of dispersal
Armour
 u - a +1 buckler (worn)
 F - a +0 cloak (worn)
 L - a +2 hat (worn)
 O - +0 steam dragon scales (worn)
 V - a +2 pair of gloves (worn)
Magical Staves
 a - a staff of conjuration (weapon)
Jewellery
 i - a +4 ring of protection (left hand)
 j - a +6 ring of intelligence
 o - an amulet of the acrobat (around neck)
 B - the amulet of Leaves {rF- rC+ rN+ Regen+ Str+9}
   (You found it on level 12 of the Dungeon)

   [amulet of regeneration]

   It affects your strength (+9).
   It makes you vulnerable to fire.
   It protects you from cold.
   It protects you from negative energy.
   It increases your rate of regeneration.
 G - the ring "Betteal" {Fire Str+4 Dex+2}
   (You found it in a Gauntlet)

   [ring of fire]

   It enhances your fire magic.
   It affects your strength (+4).
   It affects your dexterity (+2).
   It protects you from fire.
   It makes you vulnerable to cold.
 I - a ring of protection from fire (right hand)
 J - a ring of ice
 R - a ring of positive energy
Wands
 r - a wand of acid (14)
 t - a wand of charming (8)
 A - a wand of mindburst (23)
 W - a wand of paralysis (9)
Scrolls
 e - 2 scrolls of fog
 g - 5 scrolls of vulnerability
 h - 2 scrolls of teleportation
 k - a scroll of holy word
 p - 2 scrolls of summoning
 q - a scroll of torment
 w - a scroll of magic mapping
 y - 2 scrolls of fear
 K - a scroll of blinking
Potions
 c - 4 potions of attraction
 d - a potion of cancellation
 f - a potion of mutation
 n - 7 potions of heal wounds
 v - 5 potions of haste
 x - 9 potions of curing
 z - 4 potions of lignification
 C - 2 potions of ambrosia
 T - a potion of resistance
Miscellaneous
 H - a phantom mirror


   Skills:
 - Level 7.0 Fighting
 + Level 8.5 Dodging
 - Level 5.0 Stealth
 - Level 7.0 Shields
 - Level 9.0 Spellcasting
 - Level 12.0 Conjurations
 - Level 12.0 Hexes
 - Level 7.0 Translocations
 - Level 4.0 Transmutations
 - Level 4.0 Fire Magic
 - Level 9.0 Air Magic
 - Level 4.0 Poison Magic
 + Level 7.3 Evocations


You had 13 spell levels left.
You knew the following spells:

 Your Spells              Type           Power      Damage    Failure   Level
a - Magic Dart            Conj           100%       1d8       1%          1
b - Searing Ray           Conj           100%       3d7       1%          2
c - Fulminant Prism       Conj/Hex       43%        3d20      1%          4
d - Iskenderun's Mystic   Conj/Tloc      76%        2d15      1%          4
i - Ignite Poison         Fire/Tmut/Pois 33%        N/A       1%          3
r - Airstrike             Air            28%        N/A       1%          4

Your spell library contained the following spells:

 Spells                   Type           Power      Damage    Failure   Level
 Lee's Rapid Deconstruct  Erth           6%         3d7*      32%         5
 Freeze                   Ice            48%        1d7       1%          1
 Sandblast                Erth           24%        2d8       1%          1
 Confusing Touch          Hex            67%        N/A       1%          3
 Dazzling Flash           Conj/Hex       100%       N/A       1%          3
 Gell's Gravitas          Tloc           24%        N/A       1%          3
 Stone Arrow              Conj/Erth      100%       3d13      1%          3
 Hailstorm                Conj/Ice       61%        3d13      1%          4
 Yara's Violent Unravell  Hex/Tmut       26%        3d11      1%          5
 Passwall                 Tmut/Erth      18%        N/A       3%          2
 Frozen Ramparts          Ice            24%        1d4       4%          3
 Metabolic Englaciation   Hex/Ice        22%        N/A       11%         5
 Ozocubu's Armour         Ice            12%        N/A       14%         3
 Petrify                  Tmut/Erth      22%        N/A       21%         4
 Summon Ice Beast         Ice/Summ       12%        N/A       43%         4


Dungeon Overview and Level Annotations

Branches:
Dungeon (12/15)            Temple (0/1) D:6            Lair (5/6) D:9
  Swamp (0/4) Lair:3       Spider (0/4) Lair:3        Slime (0/5) Lair:5
    Orc (0/2) D:10          IceCv (visited)         Gauntlet (1/1)

Altars:
Cheibriados
Dithmenos
Gozag
Nemelex Xobeh
Okawaru
Ru
Trog
Vehumet
Xom
Yredelemnul
Zin

Shops:
D:8 *[!!

Annotations:
D:6 1 runed translucent door, sahdkjhfkaj's ghost, novice MiFi
D:9 3 runed translucent doors, Shayle's ghost, novice DjWn
D:10 exclusion: downstairs
Lair:3 2 transporters, exclusion: ice statue, Ganudwyg's ghost, journeyman MiFi Gauntlet 9 transporters


Message History

A fulminant prism comes into view.
You feel extremely sick. You block the redback's attack.
The entropy weaver gestures at you while chanting.
The entropic weave corrodes you!
The redback bites you but does no damage.
You feel much better.
You feel extremely sick. The redback bites you.
Your fulminant prism crackles loudly.
You feel better. The redback misses you. The entropy weaver hits you! x2
* * * LOW HITPOINT WARNING * * *
The entropy weaver barely misses you.
The entropy weaver hits you but does no damage.
Your fulminant prism explodes!
The blast of energy engulfs the entropy weaver!
The entropy weaver is heavily wounded.
The redback completely misses you.
You feel much better. The entropy weaver hits you!
The entropy weaver misses you. The entropy weaver closely misses you.
The entropy weaver hits you but does no damage.
The redback bites you!
* * * LOW HITPOINT WARNING * * *
Okay, then.
Unknown command.
Casting: Fulminant Prism (safe; 1% risk of failure)
Confirm with . or Enter, or press ? or * to list all spells.
You feel a surge of power!
You erupt in a blast of force!
The mystic blast hits the entropy weaver!!
The entropy weaver is severely wounded.
The entropy weaver is knocked back by the mystic blast.
The entropy weaver slams into the metal wall!
The mystic blast hits the redback!
You kill the redback!
Vehumet accepts your kill.
The entropy weaver completely misses you.
The entropy weaver hits you!
* * * LOW HITPOINT WARNING * * *
The entropy weaver hits you!
You die...

##.©.#≈.............≈........
.....#∩............≈8≈.......
##.©.#≈.............§........
#...#..###########...#######
#...#..#.........#...#......
#.8.#..#.##...##.#...#.....#
#...#..#[#.#.#.#.######....#
#.8.#..#=.##†##..#...#.##.#.
#...#..#©.#@©.#..#©.©#©..###
#≈8≈#..#).##B##..#...#....#©
#####..#!#.#.#.#.#####...#†.
###..#.##...##.#...#...#..
#8#..#.........#.8.#..#...
###..###########...#######
#.......................
#≈......................
########################


You could see an entropy weaver.

Vanquished Creatures
  2 boulder beetles
  Fannar (D:10)
  5 hydras
  A tengu warrior (D:9)
  5 two-headed ogres
  Urug (Lair:4)
  A lindwurm (Lair:4)
  A wolf spider (Gauntlet)
  A cyclops (D:12)
  2 manticores
  4 ugly things
  8 black mambas
  16 elephants
  3 ice statues (IceCv)
  3 torpor snails
  An eye of devastation (Lair:5)
  4 rime drakes
  7 cane toads
  A hellion (Gauntlet)
  2 kobold demonologists
  An efreet (D:10)
  2 komodo dragons
  A queen bee (Lair:4)
  A polar bear (Lair:5)
  2 trolls
  A jumping spider (Lair:3)
  3 meliai (Lair:4)
  3 dream sheep
  5 blink frogs
  2 redbacks (Gauntlet)
  2 vampires
  A wraith (D:10)
  2 shadows
  4 wyverns
  55 yaks
  2 steam dragons
  A basilisk (D:10)
  3 swamp worms (Lair:3)
  2 acid dragons
  12 water moccasins
  2 hell hounds (Gauntlet)
  A floating eye (Lair:5)
  4 orc warriors
  A sky beast (D:4)
  6 ice beasts (IceCv)
  5 black bears
  A necrophage (D:6)
  7 centaurs
  7 wolves
  2 ogres
  3 phantoms
  2 kobold brigands
  9 bullfrogs
  A wyvern skeleton (D:6)
  2 gnoll sergeants
  2 water moccasin skeletons
  A scorpion (D:5)
  36 killer bees
  3 howler monkeys (D:8)
  3 electric eels (D:10)
  A crimson imp (D:9)
  6 centaur zombies
  5 jellies
  4 orc priests
  A bullfrog skeleton (D:4)
  A centaur skeleton (D:4)
  Terence (D:2)
  An iguana (D:5)
  7 orc wizards
  3 killer bee zombies
  A howler monkey zombie (D:10)
  12 gnolls
  10 adders
  3 river rats (Lair:4)
  2 white imps
  3 worms
  3 dart slugs
  38 orcs
  5 bats
  5 endoplasms
  2 giant cockroaches (D:3)
  6 goblins
  5 hobgoblins
  6 jackals
  4 quokkas
  3 ball pythons
  5 frilled lizards
  12 kobolds
  5 rats
  A butterfly (Lair:1)
  A fulminant prism (Lair:5)
434 creatures vanquished.

Vanquished Creatures (others)
  167 fulminant prisms
  78 fungi
  155 plants
  13 withered plants (Gauntlet)
413 creatures vanquished.

Grand Total: 847 creatures vanquished

Notes
Turn   | Place    | Note
-------+----------+-------------------------------------------
     0 | D:1      | porpoise the Deep Elf Conjurer began the quest for the Orb.
     0 | D:1      | Reached XP level 1. HP: 10/10 MP: 6/6
   255 | D:1      | Reached XP level 2. HP: 15/15 MP: 5/8
   285 | D:1      | Learned a level 2 spell: Searing Ray
   716 | D:2      | Noticed Terence
   722 | D:2      | Killed Terence
   723 | D:2      | Reached skill level 5 in Conjurations
   723 | D:2      | Reached XP level 3. HP: 19/19 MP: 4/10
   913 | D:2      | Noticed a kobold brigand
   925 | D:2      | Killed a kobold brigand
   926 | D:2      | Reached skill level 5 in Spellcasting
   926 | D:2      | Reached XP level 4. HP: 24/24 MP: 4/13
   931 | D:2      | Learned a level 4 spell: Fulminant Prism
   936 | D:2      | Learned a level 4 spell: Iskenderun's Mystic Blast
  1337 | D:2      | Found a snail-covered altar of Cheibriados.
  1816 | D:3      | Reached skill level 1 in Fighting
  1816 | D:3      | Reached XP level 5. HP: 29/29 MP: 8/14
  2228 | D:3      | Found a faded altar of an unknown god.
  2228 | D:3      | Found an opulent altar of Gozag.
  2235 | D:3      | Found a radiant altar of Vehumet.
  2237 | D:3      | Found a shadowy altar of Dithmenos.
  2238 | D:3      | Found a bloodstained altar of Trog.
  2256 | D:3      | Became a worshipper of Vehumet
  2752 | D:4      | Noticed an ogre
  2756 | D:4      | Killed an ogre
  2757 | D:4      | Reached XP level 6. HP: 35/35 MP: 10/15
  3338 | D:4      | Reached skill level 1 in Hexes
  3807 | D:4      | Reached XP level 7. HP: 41/41 MP: 13/16
  4141 | D:5      | Entered Level 5 of the Dungeon
  4388 | D:5      | Reached * piety under Vehumet
  4388 | D:5      | Offered knowledge of Freeze by Vehumet.
  4636 | D:5      | Reached skill level 5 in Hexes
  5021 | D:5      | Reached XP level 8. HP: 46/48 MP: 13/17
  5136 | D:6      | Found a runed translucent door.
  5169 | D:6      | Reached skill level 5 in Fighting
  5245 | D:6      | Reached skill level 1 in Shields
  5302 | D:6      | Found a staircase to the Ecumenical Temple.
  5595 | D:6      | Noticed sahdkjhfkaj's ghost (novice MiFi)
  5704 | D:6      | Reached skill level 1 in Translocations
  6252 | D:7      | Found an iron altar of Okawaru.
  6814 | D:7      | Reached XP level 9. HP: 44/54 MP: 12/18
  7007 | D:7      | Found a shimmering altar of Xom.
  7046 | D:7      | Found a sacrificial altar of Ru.
  7351 | D:8      | Offered knowledge of Shock by Vehumet.
  7445 | D:8      | Reached ** piety under Vehumet
  7466 | D:8      | Found Wihedu Zocs's Assorted Antiques.
  7479 | D:8      | Found Ycarol's Antique Armour Shop.
  7494 | D:8      | Bought a short jewelled staff for 240 gold pieces
  7494 | D:8      | Bought a potion of heal wounds for 100 gold pieces
  7508 | D:8      | Reached skill level 5 in Translocations
  7657 | D:8      | Found Von Budu's Distillery.
  7665 | D:8      | Bought a potion of magic for 112 gold pieces
  7665 | D:8      | Bought a potion of curing for 42 gold pieces
  7679 | D:8      | Found Hientoucsa's Distillery.
  7685 | D:8      | Reached skill level 1 in Evocations
  8094 | D:9      | Reached skill level 5 in Dodging
  8305 | D:9      | Reached skill level 5 in Evocations
  8550 | D:9      | Noticed a tengu warrior
  8555 | D:9      | Killed a tengu warrior
  8556 | D:9      | Reached XP level 10. HP: 59/59 MP: 7/22
  9010 | D:9      | Offered knowledge of Ignite Poison by Vehumet.
  9076 | D:9      | Learned a level 3 spell: Ignite Poison
  9176 | D:9      | Reached skill level 5 in Stealth
  9220 | D:9      | Found a staircase to the Lair.
  9533 | D:9      | Found a glowing silver altar of Zin.
  9699 | D:9      | Found a runed translucent gate.
  9699 | D:9      | Found a runed translucent gate.
  9699 | D:9      | Found a runed translucent gate.
  9699 | D:9      | Noticed Shayle's ghost (novice DjWn)
  9702 | D:9      | Found a basalt altar of Yredelemnul.
  9877 | D:9      | Reached skill level 1 in Transmutations
  9877 | D:9      | Reached skill level 1 in Fire Magic
  9877 | D:9      | Reached skill level 1 in Poison Magic
 10073 | D:10     | Entered Level 10 of the Dungeon
 10119 | D:10     | Reached *** piety under Vehumet
 10277 | D:10     | Found a staircase to the Orcish Mines.
 10295 | D:10     | Offered knowledge of Airstrike by Vehumet.
 10415 | D:10     | Noticed Fannar
 10436 | D:10     | Killed Fannar
 10800 | D:10     | Reached XP level 11. HP: 64/64 MP: 15/23
 11156 | D:10     | Found a sparkling altar of Nemelex Xobeh.
 11409 | D:10     | Noticed a two-headed ogre
 11420 | D:10     | Killed a two-headed ogre
 11555 | D:10     | Noticed a two-headed ogre
 11570 | D:10     | Killed a two-headed ogre
 11584 | D:10     | Noticed a two-headed ogre
 11605 | D:10     | Killed a two-headed ogre
 11619 | D:10     | Reached skill level 10 in Conjurations
 11813 | D:10     | Noticed a two-headed ogre
 11896 | D:10     | Reached **** piety under Vehumet
 11921 | D:10     | Killed a two-headed ogre
 12039 | D:10     | Learned a level 4 spell: Airstrike
 12342 | D:11     | Noticed a five-headed hydra
 12487 | D:11     | Reached skill level 1 in Air Magic
 12491 | D:11     | Offered knowledge of Sticky Flame by Vehumet.
 12847 | D:11     | Noticed a boulder beetle
 12860 | D:11     | Killed a boulder beetle
 13038 | Lair:1   | Entered Level 1 of the Lair of Beasts
 13439 | Lair:1   | Noticed an eight-headed hydra
 13460 | Lair:1   | Killed an eight-headed hydra
 13461 | Lair:1   | Reached XP level 12. HP: 71/71 MP: 12/24
 14231 | Lair:1   | Reached skill level 5 in Air Magic
 15234 | Lair:2   | Noticed a four-headed hydra
 15240 | Lair:2   | Killed a four-headed hydra
 16560 | Lair:3   | Noticed a four-headed hydra
 16565 | Lair:3   | Killed a four-headed hydra
 16680 | Lair:3   | Reached ***** piety under Vehumet
 16680 | Lair:3   | Offered knowledge of Starburst by Vehumet.
 16727 | Lair:3   | Reached XP level 13. HP: 76/76 MP: 13/25
 16795 | Lair:3   | Reached skill level 10 in Hexes
 16972 | Lair:3   | Noticed Ganudwyg's ghost (journeyman MiFi)
 17020 | Lair:3   | Found a transporter.
 17022 | Lair:3   | Found a transporter.
 17078 | Lair:3   | Found a staircase to the Swamp.
 17396 | Lair:3   | Found a hole to the Spider Nest.
 18661 | Lair:4   | Noticed Urug
 19023 | Lair:4   | Killed Urug
 19595 | Lair:4   | Offered knowledge of Lee's Rapid Deconstruction by Vehumet.
 19613 | Lair:4   | Reached skill level 5 in Shields
 19829 | Lair:4   | Identified the +7 dagger of Ratt {vorpal, +Fly Will+++
                  | Str-3 Int-5}
 20064 | Lair:5   | Identified the +0 scale mail "Rohouh" {Will++}
 20204 | Lair:5   | Found a frozen archway.
 20213 | IceCv    | Entered an ice cave
 20821 | IceCv    | Identified the +5 ice dragon scales "Teac" {Harm rF- rC++
                  | rCorr Dex+3}
 21045 | Lair:5   | Identified the +1 pair of gloves of Hasmymes {Stlth+}
 21080 | Lair:5   | Found a staircase to the Slime Pits.
 22203 | D:8      | Bought a potion of heal wounds for 65 gold pieces
 22203 | D:8      | Bought 2 potions of curing for 78 gold pieces
 22203 | D:8      | Bought a potion of lignification for 39 gold pieces
 22203 | D:8      | Bought a potion of cancellation for 104 gold pieces
 22203 | D:8      | Bought a potion of curing for 39 gold pieces
 22240 | D:8      | Bought a dyed leather armour for 100 gold pieces
 22378 | D:11     | Reached XP level 14. HP: 82/82 MP: 25/29
 23512 | D:12     | Identified the amulet of Leaves {rF- rC+ rN+ Regen+ Str+9}
 23516 | D:12     | Found a gate leading to a gauntlet.
 23524 | Gauntlet | Entered a Gauntlet
 23524 | Gauntlet | Found a transporter.
 23524 | Gauntlet | Found a transporter.
 23529 | Gauntlet | Found a transporter.
 23541 | Gauntlet | Found a transporter.
 23550 | Gauntlet | Found a transporter.
 23557 | Gauntlet | Found a transporter.
 23564 | Gauntlet | Found a transporter.
 23606 | Gauntlet | Found a transporter.
 23628 | Gauntlet | Found a transporter.
 23684 | Gauntlet | Found a transporter.
 23686 | Gauntlet | Found a transporter.
 23696 | Gauntlet | Found a transporter.
 23885 | Gauntlet | Identified the ring "Betteal" {Fire Str+4 Dex+2}
 23927 | Gauntlet | Slain by an entropy weaver

Illustrated notes

Levels and vault maps discovered:
D:1:      eino_arrival_tree_alley, layout_basic
D:2:      layout_loops_cross, kennysheep_slug_shrine, kennysheep_small_spiral,
          uniq_terence
D:3:      layout_loops_ring, chequers_temple_overflow_minitemple
D:4:      layout_loops_corners, minmay_misc_feat_ornament
D:5:      layout_rooms
D:6:      layout_basic, temple_green, ebering_ghost_sewer_d
D:7:      layout_loops_cross, nicolae_ru_great_annihilating_truth, basic_altar,
          tgw_xom
D:8:      layout_gridville, serial_shops, shop, shop, shop, shop,
          kennysheep_big_empty_room
D:9:      layout_roguey, general_overflow_altar,
          nicolae_yredelemnul_ghost_church, due_lair_maze_entry_diamond,
          minmay_fire_ice_demons
D:10:     layout_irregular_city, hiddenorc2_lemuel, serial_bayou,
          serial_bayou_pond_b, serial_bayou_pond_c, serial_bayou_pond_c,
          serial_bayou_pond_d, serial_bayou_ford_a, minmay_ruined_shrine,
          uniq_fannar
D:11:     layout_roguey
D:12:     layout_basic, gauntlet_entry_generic
Lair:1:   layout_regular_city, hangedman_lair_unloving_vines,
          lemuel_fruit_fields, lemuel_fruit_fields
Lair:2:   layout_roguey, st_stairs_3, grunt_megastairs_1
Lair:3:   layout_roguey, minmay_swamp_entry_worms, spider_nest_entry_rubble,
          nzn_ghost_randoct, beast_lair_carwin_8, serial_bayou_shore_b,
          grunt_megastairs_2
Lair:4:   regret_index_wax_grids, layout_regular_city, uniq_urug
Lair:5:   layout_loops_ring, minmay_slime_entry_eyes,
          portal_ice_cave_entry_pillars_1
Gauntlet: gammafunk_gauntlet_shortcut [nicolae_gauntlet_swirl,
          gammafunk_gauntlet_arena_corners,
          gammafunk_gauntlet_arena_arrow_garden,
          gammafunk_gauntlet_arena_split_x, gammafunk_gauntlet_arena_spirals,
          nicolae_gauntlet_arena_quarters, gauntlet_exit_spiral]

Skill      XL: |  1  2  3  4  5  6  7  8  9 10 11 12 13 14 |
---------------+-------------------------------------------+-----
Spellcasting   | 4 5 7 9 |  9.0
Conjurations   | 5 6 7 8 9 10 11 12 | 12.0
Fighting       | 1 2 3 4 5 6 7 |  7.0
Hexes          | 2 5 7 9 12 | 12.0
Shields        | 3 4 6 7 |  7.0
Translocations | 4 5 7 |  7.0
Dodging        | 5 7 8 |  8.5
Evocations     | 5 7 |  7.3
Stealth        | 5 |  5.0
Transmutations | 3 4 |  4.0
Fire Magic     | 3 4 |  4.0
Poison Magic   | 3 4 |  4.0
Air Magic      | 4 7 9 |  9.0

Action                   |  1- 3 |  4- 6 |  7- 9 | 10-12 | 13-15 || total
-------------------------+-------+-------+-------+-------+-------++-------
Melee: Hunting sling     |       |       |     1 |       |       ||     1
       Whip              |       |       |     1 |       |       ||     1
       Staff             |       |       |       |     5 |     4 ||     9
 Fire: Hunting sling     |       |    23 |    79 |    66 |     8 ||   176
Throw: Dart              |       |       |       |     6 |     3 ||     9
       Boomerang         |       |       |       |       |    45 ||    45
 Cast: Magic Dart        |    30 |    23 |     6 |       |       ||    59
       Searing Ray       |     5 |    32 |    69 |   109 |   113 ||   328
       Fulminant Prism   |       |       |    13 |    77 |    78 ||   168
       Iskenderun's Myst |       |       |       |    21 |    22 ||    43
       Airstrike         |       |       |       |     2 |     5 ||     7
Evoke: Wand              |       |       |       |     9 |     3 ||    12
  Use: Scroll            |       |     3 |     7 |    14 |     6 ||    30
       Potion            |       |       |     1 |     6 |     6 ||    13
Armor: Robe              |       |     6 |    17 |       |       ||    23
       Steam dragon scal |       |       |       |    26 |    31 ||    57
Dodge: Dodged            |     2 |     5 |    32 |    88 |   114 ||   241
Block: Buckler           |       |       |     3 |    27 |    45 ||    75

Table legend: (Time is in decaauts)
 A = Elapsed time spent in this place.
 B = Non-inter-level travel time spent in this place.
 C = Inter-level travel time spent in this place.
 D = Time resting spent in this place.
 E = Time spent auto-exploring this place.
 F = Levels seen in this place.
 G = Mean time per level.
                   A        B        C        D        E       F      G
               +--------+--------+--------+--------+--------+-----+--------+
         Total |  24023 |  23211 |    812 |   9853 |   9496 |  19 | 1264.4 |
       Dungeon |  14454 |  14000 |    454 |   5874 |   6372 |  12 | 1204.5 |
          Lair |   8513 |   8156 |    357 |   3475 |   3124 |   5 | 1702.6 |
      Ice Cave |    653 |    653 |      0 |    418 |      0 |   1 |  653.0 |
      Gauntlet |    401 |    401 |      0 |     86 |      0 |   1 |  401.0 |
               +--------+--------+--------+--------+--------+-----+--------+

Top non-repeatable levels by time:
    D:10: 2344 daAuts
     D:9: 2204 daAuts
  Lair:4: 2106 daAuts
  Lair:1: 1900 daAuts
  Lair:2: 1689 daAuts
    D:11: 1565 daAuts
  Lair:3: 1552 daAuts
     D:4: 1531 daAuts
  Lair:5: 1265 daAuts
     D:6: 1118 daAuts
     D:7: 1041 daAuts
     D:3: 1030 daAuts
     D:2: 980 daAuts
     D:8: 928 daAuts
     D:5: 832 daAuts
